AoeStats
← Santísima TRINIDAD

Pilgrims

510252157Analyzed
2v2 RM · 2d ago on Sep 30, 2026· 34m 31s· 4 players
Game mode
Random Map
Map size
Medium (4 player)
Population
200
Speed
Normal
Resources
Standard
Victory
Conquest
Starting age
Dark Age
Ending age
Imperial Age
RankedLock teamsTeams togetherTeam positionsShared explorationLock speedFull tech treeHidden civsTurbo modeCheats
Victory
Defeat
🇺🇸 Byzantines · United States
981
+18
🇵🇪 Malay · Peru
950
+20
🇨🇳 Mongols · China
1053
-20
🇵🇪 Spanish · Peru
1005
-18
火枪
8:32 Loom
12:53 Feudal Age
14:16 Town Watch
17:12 Castle Age
15:31 Double-Bit Axe
15:28 Horse Collar
16:41 Stone Mining
17:06 Fletching
29:22 Bodkin Arrow
33:59 Imperial Age
33:40 Gold Mining
34:02 Bow Saw
Santísima TRINIDAD
12:46 Feudal Age
16:48 Castle Age
15:30 Double-Bit Axe
18:24 Bow Saw
34:06 Imperial Age
32:41 Horse Collar
33:56 Husbandry
34:07 Bloodlines
Zennx
3:35 Loom
12:57 Feudal Age
20:03 Castle Age
18:14 Double-Bit Axe
19:37 Wheelbarrow
20:01 Stone Mining
24:33 Elite Skirmisher
26:44 Horse Collar
28:26 Bow Saw
32:12 Imperial Age
31:56 Ballistics
33:45 Husbandry
35:16 Fortified Wall
Ekutoru
12:32 Feudal Age
12:42 Fishing Lines
14:47 Double-Bit Axe
17:08 Castle Age
17:43 Wheelbarrow
16:54 Loom
19:29 Gillnets
21:35 Hand Cart
23:14 Husbandry
26:53 Fletching
27:03 Padded Archer Armor
27:22 Thalassocracy
30:37 Imperial Age
29:27 Thumb Ring
30:06 Crossbowman
31:18 Bow Saw
31:28 Bodkin Arrow
31:49 Leather Archer Armor
31:53 Gold Mining
32:43 Bracer
33:19 Horse Collar
34:11 Siege Engineers
34:30 Ballistics
34:05 Murder Holes
34:23 Masonry
Connection lost

Rejoining the realm…

Still unreachable

The connection could not be restored.

Session expired

The server has moved on; the page needs a fresh start.